 Dungeon Crawl Stone Soup version 0.28-a0-1389-gc726bef33b (webtiles) character file.

Game seed: 849050933604039129

121 vineage the Skirmisher (level 5, -1/36 HPs)
             Began as a Gargoyle Fighter on Jan 3, 2022.
             Slain by an ogre (19 damage)
             ... on level 4 of the Dungeon.
             The game lasted 00:02:37 (2398 turns).

vineage the Skirmisher (Gargoyle Fighter)           Turns: 2398, Time: 00:02:38

Health: -1/36      AC: 14    Str: 23    XL:     5   Next: 5%
Magic:  5/5        EV: 10    Int:  9    God:
Gold:   133        SH:  5    Dex: 15    Spells: 4/4 levels left

rFire   + . .      SeeInvis .   o - +2 dagger (drain)
rCold   . . .      Faith    .   c - +0 buckler
rNeg    + . .      Spirit   .   i - +5 ring mail "Widyes" {rElec Str+4 Dex+4}
rPois   ∞          Reflect  .   (no helmet)
rElec   +          Harm     .   (no cloak)
rCorr   .          Rampage  .   (no gloves)
Will    .....                   (no boots)
Stlth   +.........              (no amulet)
HPRegen 0.12/turn               m - ring of protection from fire
MPRegen 0.09/turn               (no ring)

@: mighty
A: sickness immunity, AC +4, negative energy resistance 1, electricity
resistance, torment resistance 1, petrification resistance
a: no special abilities


You were on level 4 of the Dungeon.
You visited 1 branch of the dungeon, and saw 4 of its levels.

You collected 133 gold pieces.

Inventory:

Hand Weapons
 a - a +0 flail
 o - a +2 dagger of draining (weapon)
Armour
 c - a +0 buckler (worn)
 i - the +5 ring mail "Widyes" (worn) {rElec Str+4 Dex+4}
   (You found it on level 2 of the Dungeon)

   Str:       It affects your strength (+4).
   Dex:       It affects your dexterity (+4).
   rElec:     It insulates you from electricity.
Jewellery
 m - a ring of protection from fire (left hand)
Scrolls
 e - 2 scrolls of teleportation
 f - a scroll of fog
 p - a scroll of fear {unknown}
Potions
 b - a potion of resistance {unknown}
 g - a potion of berserk rage {unknown}
 h - 2 potions of brilliance
 j - a potion of magic {unknown}
 k - 2 potions of haste {unknown}
 l - 2 potions of degeneration {unknown}
 n - a potion of cancellation {unknown}


   Skills:
 + Level 6.1 Fighting
 - Level 2.0 Maces & Flails
 - Level 3.2 Armour
 - Level 3.2 Shields


You had 4 spell levels left.
You didn't know any spells.
Your spell library contained the following spells:

 Spells                   Type           Power      Damage    Failure   Level
 Gell's Gravitas          Tloc           0%         N/A       91%         3
 Lesser Beckoning         Tloc           0%         N/A       91%         3
 Teleport Other           Tloc           0%         N/A       91%         3


Dungeon Overview and Level Annotations

Branches:
Dungeon (4/15)
 Temple: D:4-7

Altars:

Shops:
D:3 ((![

Annotations:
D:4 2 transporters, ThereIsNoGod's ghost, amateur DrAK


Innate Abilities, Weirdness & Mutations

You are immune to sickness and miasma.
Your stone body is resilient. (AC +4)
You are immune to poison.
You resist negative energy. (rN+)
You are resistant to electric shocks. (rElec)
You are resistant to unholy torment.
You are immune to petrification.


Message History

The kobold shouts!
Found a robe.
You now have 133 gold pieces (gained 3).
ThereIsNoGod's ghost laughs, "And you think you're capable of finding the ORB?
I had it, you know.
Then I gave it away so I could steal it AGAIN."
No reachable target in view!
Found a hunting sling.
ThereIsNoGod's ghost sneers, "Do you call that fighting?"
Found a transporter.
ThereIsNoGod's ghost laughs, "And you think you're capable of finding the ORB?
I had it, you know.
Then I gave it away so I could steal it AGAIN."
Found a transporter.
k - 2 amethyst potions (gained 1)
You see here a +0 hunting sling.
Found 32 stones.
You see here 32 stones.
Found a stone staircase leading up.
p - a scroll labelled ZABIVARHEO No target in view!
Found 4 boomerangs.
There is a stone staircase leading up here.
Found a robe.
You see here a +0 robe.
An ogre comes into view. It is wielding a +0 giant club.
The ogre shouts!
The ogre hits you with a +0 giant club!!
Ouch! That really hurt!
You feel very mighty all of a sudden. You block the ogre's attack.
You hit the ogre.
The ogre is moderately wounded.
You barely miss the ogre.
The ogre is moderately wounded.
You block the ogre's attack.
You puncture the ogre!
The ogre is severely wounded.
You block the ogre's attack.
You barely miss the ogre.
The ogre is severely wounded.
The ogre hits you with a +0 giant club!!
Ouch! That really hurt!
You die...

####### #.....# #
###.# #.#### #.
...# #....#
##.####.###.##.#
##...#...[...##.#
##
.......#.######.#
.. #...#...#
#.##.####.
##(###.##
#.@O......
#.###.#
#.....####.
#.....# #.#####
#..#### #. #..#
#. ###..# #.
...<.####### #.
...........#
####.#######


You could see an ogre.

Vanquished Creatures
  A hound (D:4)
  3 adders (D:3)
  A worm (D:2)
  2 dart slugs
  4 orcs (D:3)
  6 bats
  An endoplasm (D:3)
  2 giant cockroaches
  3 goblins
  7 hobgoblins
  4 kobolds
  4 quokkas
  6 ball pythons
  2 frilled lizards
  7 rats
53 creatures vanquished.

Notes
Turn   | Place    | Note
-------+----------+-------------------------------------------
     0 | D:1      | vineage the Gargoyle Fighter began the quest for the Orb.
     0 | D:1      | Reached XP level 1. HP: 14/14 MP: 1/1
   126 | D:1      | Reached XP level 2. HP: 19/20 MP: 2/2
   277 | D:1      | Reached skill level 4 in Fighting
   734 | D:2      | Reached XP level 3. HP: 24/24 MP: 3/3
  1144 | D:2      | Identified the +5 ring mail "Widyes" {rElec Str+4 Dex+4}
  1459 | D:3      | Found Beadoypo's Weapon Shoppe.
  1460 | D:3      | Found Wuad's Weapon Shoppe.
  1542 | D:3      | Reached skill level 5 in Fighting
  1579 | D:3      | Found Athrulun's Distillery.
  1760 | D:3      | Reached XP level 4. HP: 30/31 MP: 4/4
  1962 | D:3      | Found Uvoen's Antique Armour Boutique.
  2286 | D:4      | Reached skill level 6 in Fighting
  2286 | D:4      | Reached XP level 5. HP: 33/36 MP: 5/5
  2314 | D:4      | Noticed a centaur
  2317 | D:4      | Noticed ThereIsNoGod's ghost (amateur DrAK)
  2322 | D:4      | Found a transporter.
  2325 | D:4      | Found a transporter.
  2392 | D:4      | Noticed an ogre
  2398 | D:4      | Slain by an ogre

Illustrated notes

Levels and vault maps discovered:
D:1:      heliophobic_arrival_enchanted_forest, layout_rooms,
          kennysheep_small_spiral
D:2:      layout_basic
D:3:      layout_loops_ring, serial_shops, nicolae_shop_bloodbath_and_beyond,
          nicolae_shop_trees, shop, shop, st_stairs_13,
          nicolae_figureground_pulse
D:4:      layout_loops_ring, grunt_temple_overflow_open,
          okawaru_altar_gauntlet_db, gammafunk_ghost_arena,
          minmay_misc_feat_four_crosses

Skill      XL: |  1  2  3  4 |
---------------+-------------+-----
Fighting       | 4 5 6 |  6.1
Maces & Flails | |  2.0
Armour         | |  3.2
Shields        | |  3.2

Action                   |  1- 3 |  4- 6 || total
-------------------------+-------+-------++-------
Melee: Flail             |   141 |    11 ||   152
       Dagger            |       |    38 ||    38
  Use: Scroll            |     4 |     1 ||     5
       Potion            |       |     1 ||     1
Armor: Scale mail        |    59 |       ||    59
       Ring mail         |    21 |    18 ||    39
Dodge: Dodged            |   101 |    17 ||   118
Block: Buckler           |    28 |    13 ||    41

Table legend: (Time is in decaauts)
 A = Elapsed time spent in this place.
 B = Non-inter-level travel time spent in this place.
 C = Inter-level travel time spent in this place.
 D = Time resting spent in this place.
 E = Time spent auto-exploring this place.
 F = Levels seen in this place.
 G = Mean time per level.
                   A        B        C        D        E       F      G
               +--------+--------+--------+--------+--------+-----+--------+
         Total |   2444 |   2378 |     66 |      0 |   1925 |   4 |  611.0 |
       Dungeon |   2444 |   2378 |     66 |      0 |   1925 |   4 |  611.0 |
               +--------+--------+--------+--------+--------+-----+--------+

Top non-repeatable levels by time:
     D:3: 870 daAuts
     D:2: 800 daAuts
     D:1: 649 daAuts
     D:4: 124 daAuts
